 Dungeon Crawl Stone Soup version 0.23.0 (webtiles) character file.

Game seed: 8776212598080692530

10253 wolfsongas the Fighter (level 11, -3/92 HPs)
             Began as a Gnoll Wanderer on Feb 17, 2019.
             Was a High Priest of Okawaru.
             Shot with an arrow by a centaur (5 damage)
             ... on level 11 of the Dungeon.
             The game lasted 00:19:44 (10444 turns).

wolfsongas the Fighter (Gnoll Wanderer)            Turns: 10444, Time: 00:19:45

Health: -3/92      AC: 14    Str: 14    XL:     11   Next: 59%
Magic:  29/29      EV: 16    Int: 16    God:    Okawaru [*****.]
Gold:   739        SH:  0    Dex: 20    Spells: 22/22 levels left

rFire    + . .     SeeInvis .   r - +4 great sword of Immorality {flame, rN+ Str+3}
rCold    . . .     Gourm    .   (shield currently unavailable)
rNeg     + . .     Faith    .   s - +2 ring mail {rF+}
rPois    .         Spirit   .   w - +1 hat
rElec    .         Reflect  .   n - +0 cloak
rCorr    .         Harm     .   y - +0 pair of gloves
MR       .....                  (no boots)
Stlth    +++.......             (no amulet)
HPRegen  0.25/turn              (no ring)
MPRegen  0.21/turn              l - ring of magical power

@: berserk cooldown, slowed, very slow
A: distributed training, fangs 1, icy blue scales 1, blink, blurry vision 1,
strong nose
a: Blink, Heroism, Finesse, Renounce Religion


You were on level 11 of the Dungeon.
You worshipped Okawaru.
Okawaru was extremely pleased with you.
You were not hungry.

You visited 1 branch of the dungeon, and saw 11 of its levels.

You collected 739 gold pieces.

Inventory:

Hand Weapons
 a - a +4 short sword
 k - a +4 dagger of electrocution
 r - the +4 great sword of Immorality (weapon) {flame, rN+ Str+3}
   (Okawaru gifted it to you on level 11 of the Dungeon)

   It has been specially enchanted to burn those struck by it, causing extra
   injury to most foes and up to half again as much damage against particularly
   susceptible opponents.
   Big, fiery blades are also staple armaments of hydra-hunters.
   It affects your strength (+3).
   It protects you from negative energy.
Armour
 n - a +0 cloak (worn)
 o - a +2 buckler
 s - a +2 ring mail of fire resistance (worn)
 w - a +1 hat (worn)
 y - a +0 pair of gloves (worn)
Jewellery
 l - a ring of magical power (right hand)
Wands
 h - a wand of polymorph (16)
 m - a wand of iceblast (6)
 v - a wand of digging (5)
 x - a wand of disintegration (17)
 A - a wand of acid (12)
Scrolls
 c - 3 scrolls of teleportation
 g - 4 scrolls of remove curse
 i - 4 scrolls of amnesia
 z - a scroll of fog
Potions
 d - 3 potions of heal wounds
 e - 2 potions of might
 j - a potion of magic
 p - a potion of lignification
 q - 3 potions of flight
 u - a potion of brilliance
 B - a potion of cancellation
Comestibles
 f - 18 rations


   Skills:
 + Level 10.5 Fighting
 + Level 7.9 Short Blades
 + Level 6.3 Long Blades
 + Level 6.3 Axes
 + Level 6.3 Maces & Flails
 + Level 6.3 Polearms
 + Level 6.3 Staves
 + Level 6.3 Slings
 + Level 6.3 Bows
 + Level 6.3 Crossbows
 + Level 6.3 Throwing
 + Level 6.3 Armour
 + Level 7.9 Dodging
 + Level 6.3 Stealth
 + Level 6.3 Shields
 + Level 6.3 Unarmed Combat
 + Level 6.3 Spellcasting
 + Level 5.2 Conjurations
 + Level 5.2 Hexes
 + Level 5.2 Charms
 + Level 5.2 Summonings
 + Level 5.2 Necromancy
 + Level 5.2 Translocations
 + Level 5.2 Transmutations
 + Level 5.2 Fire Magic
 + Level 5.2 Ice Magic
 + Level 5.2 Air Magic
 + Level 5.2 Earth Magic
 + Level 5.2 Poison Magic
 + Level 6.9 Invocations
 + Level 7.9 Evocations


You had 22 spell levels left.
You didn't know any spells.
Your spell library contained the following spells:

 Spells                   Type           Power        Failure   Level  Hunger
 Corona                   Hex            ###....      2%          1    None
 Slow                     Hex            ###.....     4%          2    None
 Inner Flame              Hex/Fire       ###.....     9%          3    ##.....
 Portal Projectile        Hex/Tloc       ###...       9%          3    ##.....
 Cause Fear               Hex            ###.......   28%         4    ####...
 Leda's Liquefaction      Hex/Erth       ###.......   28%         4    ####...


Dungeon Overview and Level Annotations

Branches:
Dungeon (11/15)            Temple (0/1) D:5
   Lair: D:8-11         Orc: D:9-12

Altars:
Cheibriados
Dithmenos
Elyvilon
Fedhas
Hepliaklqana
Nemelex Xobeh
Okawaru
Ru
Trog
Uskayaw
Vehumet
Xom
Yredelemnul
The Shining One

Shops:
D:6 *[[(=


Innate Abilities, Weirdness & Mutations

Your experience applies equally to all skills.
You have very sharp teeth.
Your uncanny sense of smell can sniff out nearby items.
You are partially covered in icy blue scales. (AC +2)
You can translocate small distances at will.
Scrolls take you a little longer to read.


Message History

The centaur shoots an arrow.
The arrow closely misses you. The sky beast closely misses you.
You riposte.
You closely miss the sky beast. You bite the sky beast!
The sky beast is heavily wounded.
You slice the sky beast!! You burn the sky beast.
You kill the sky beast!
Okawaru accepts your kill. The centaur closely misses you.
You riposte.
You closely miss the centaur.
The centaur shoots an arrow.
The arrow barely misses you. The centaur barely misses you.
The komodo dragon bites you.
* * * LOW HITPOINT WARNING * * *
You are too berserk!
You are too berserk!
You slice the centaur!! You burn the centaur.
You kill the centaur!
Okawaru accepts your kill.
You are no longer berserk.
You are exhausted.
You feel yourself slow down.
The centaur shoots an arrow.
The arrow hits you.
You die...

.#####.######...........#.##.#.#
..............................>#
.#####.######................#.#
..# #.##############...## #.##
#..(...... .......... #..#
##...##### ########## ##'###+##
#...# # ........# #.)l# #
).).....# #c)@# # ).......#
#.))# # .....[..##..........# #
........##..........# #
........##..........# #
........##..........# #
####'#+###......≈...# # #.#.#
#..........#
####...###......(...#


You could see a komodo dragon and a centaur.

Vanquished Creatures
  Harold (D:7)
  2 two-headed ogres
  Joseph (D:7)
  A centaur skeleton (D:10)
  A troll (D:11)
  3 hornets
  4 slime creatures (D:11)
  Prince Ribbit (D:5)
  2 hippogriffs
  3 yaks (D:11)
  3 hungry ghosts
  2 orc warriors
  3 ice beasts
  3 phantoms
  5 sky beasts
  2 black bears
  9 ogres
  8 centaurs
  A big kobold (D:11)
  2 bullfrogs
  Blork the orc (D:4)
  3 scorpions
  6 killer bees (D:11)
  A howler monkey (D:11)
  6 crimson imps
  3 bullfrog zombies
  3 orc priests
  5 hounds
  Crazy Yiuf (D:6)
  3 jellies
  5 orc wizards
  Ijyb (D:4)
  2 iguanas
  4 worker ants
  A killer bee zombie (D:9)
  A hound skeleton (D:5)
  2 worker ant zombies
  A howler monkey zombie (D:5)
  9 adders
  11 gnolls
  A howler monkey skeleton (D:5)
  4 shadow imps
  3 oozes
  An adder zombie (D:5)
  4 worms
  An adder skeleton (D:6)
  A dart slug (D:1)
  5 leopard geckos
  33 orcs
  2 ball pythons (D:4)
  6 giant cockroaches
  6 goblins
  8 hobgoblins
  9 jackals
  6 kobolds
  4 quokkas
  9 bats
  7 frilled lizards
  A jackal skeleton (D:4)
  A leopard gecko zombie (D:7)
  9 rats
  A fungus (D:6)
248 creatures vanquished.

Vanquished Creatures (others)
  4 plants (D:11)
4 creatures vanquished.

Grand Total: 252 creatures vanquished

Notes
Turn   | Place    | Note
-------+----------+-------------------------------------------
     0 | D:1      | wolfsongas the Gnoll Wanderer began the quest for the Orb.
     0 | D:1      | wolfsongas set off with the following items: a +2 short
                  | sword, a potion of lignification, a scroll of
                  | teleportation, a +0 robe, a ration
     0 | D:1      | Reached XP level 1. HP: 26/26 MP: 3/3
   117 | D:1      | Reached XP level 2. HP: 31/33 MP: 5/5
   688 | D:2      | Reached XP level 3. HP: 26/38 MP: 6/6
   736 | D:2      | Reached skill level 1 in Invocations
   750 | D:2      | Reached skill level 1 in Long Blades
   750 | D:2      | Reached skill level 1 in Axes
   750 | D:2      | Reached skill level 1 in Maces & Flails
   750 | D:2      | Reached skill level 1 in Polearms
   750 | D:2      | Reached skill level 1 in Staves
   750 | D:2      | Reached skill level 1 in Slings
   750 | D:2      | Reached skill level 1 in Bows
   750 | D:2      | Reached skill level 1 in Crossbows
   750 | D:2      | Reached skill level 1 in Throwing
   750 | D:2      | Reached skill level 1 in Armour
   750 | D:2      | Reached skill level 1 in Stealth
   750 | D:2      | Reached skill level 1 in Shields
   750 | D:2      | Reached skill level 1 in Unarmed Combat
   750 | D:2      | Reached skill level 1 in Spellcasting
   750 | D:2      | Reached XP level 4. HP: 25/45 MP: 7/7
   758 | D:2      | HP: 2/45 [leopard gecko (5)]
   973 | D:2      | Reached skill level 1 in Conjurations
   973 | D:2      | Reached skill level 1 in Hexes
   973 | D:2      | Reached skill level 1 in Charms
   973 | D:2      | Reached skill level 1 in Summonings
   973 | D:2      | Reached skill level 1 in Necromancy
   973 | D:2      | Reached skill level 1 in Translocations
   973 | D:2      | Reached skill level 1 in Transmutations
   973 | D:2      | Reached skill level 1 in Fire Magic
   973 | D:2      | Reached skill level 1 in Ice Magic
   973 | D:2      | Reached skill level 1 in Air Magic
   973 | D:2      | Reached skill level 1 in Earth Magic
   973 | D:2      | Reached skill level 1 in Poison Magic
  1341 | D:2      | Found an iron altar of Okawaru.
  1359 | D:2      | Became a worshipper of Warmaster Okawaru
  1525 | D:2      | Reached XP level 5. HP: 51/51 MP: 8/8
  1551 | D:2      | Found a white marble altar of Elyvilon.
  2187 | D:3      | Reached XP level 6. HP: 48/57 MP: 9/9
  2353 | D:3      | Found a sparkling altar of Nemelex Xobeh.
  2448 | D:3      | Gained mutation: Your magical capacity is low. (-10% MP)
                  | [potion of mutation]
  2448 | D:3      | Gained mutation: Your system is resistant to poisons.
                  | (rPois) [potion of mutation]
  2670 | D:4      | Noticed Blork the orc
  2685 | D:4      | Killed Blork the orc
  2685 | D:4      | Reached * piety under Okawaru
  2685 | D:4      | Reached skill level 5 in Short Blades
  2685 | D:4      | Reached skill level 5 in Dodging
  2685 | D:4      | Reached skill level 5 in Evocations
  2721 | D:4      | Noticed Ijyb
  2735 | D:4      | Killed Ijyb
  3002 | D:4      | You fall through a shaft!
  3002 | D:5      | Entered Level 5 of the Dungeon
  3002 | D:5      | Found a staircase to the Ecumenical Temple.
  3045 | D:5      | Found a hazy altar of Hepliaklqana.
  3073 | D:5      | Reached XP level 7. HP: 43/63 MP: 9/9
  3657 | D:4      | Reached skill level 9 in Fighting
  3661 | D:4      | Reached ** piety under Okawaru
  3941 | D:5      | Noticed Prince Ribbit
  3957 | D:5      | Killed Prince Ribbit
  3957 | D:5      | Reached XP level 8. HP: 71/71 MP: 11/11
  3996 | D:5      | Found a radiant altar of Vehumet.
  4313 | D:6      | Found Geycunol's Antique Weapon Emporium.
  4351 | D:6      | Found Onlopus's Jewellery Shop.
  4544 | D:6      | Found Giel's Antique Armour Shoppe.
  4883 | D:6      | Found Laicibats's Antique Armour Boutique.
  4976 | D:6      | Found a sacrificial altar of Ru.
  5072 | D:6      | Found Quaziyf's General Store.
  5284 | D:6      | Reached *** piety under Okawaru
  5408 | D:6      | Found a runed translucent door.
  5409 | D:6      | Noticed Crazy Yiuf
  5418 | D:6      | Killed Crazy Yiuf
  5493 | D:7      | Reached XP level 9. HP: 76/76 MP: 13/13
  6159 | D:7      | Noticed Joseph
  6165 | D:7      | Killed Joseph
  6165 | D:7      | Reached **** piety under Okawaru
  6304 | D:7      | Noticed Harold
  6323 | D:7      | Killed Harold
  6323 | D:7      | Received a gift from Okawaru
  6323 | D:7      | Reached ***** piety under Okawaru
  6323 | D:7      | Reached skill level 5 in Invocations
  7028 | D:8      | Found a snail-covered altar of Cheibriados.
  7042 | D:8      | Reached XP level 10. HP: 82/85 MP: 15/15
  7096 | D:8      | Found a basalt altar of Yredelemnul.
  7176 | D:8      | Found a shimmering altar of Xom.
  7429 | D:8      | Noticed a two-headed ogre
  7440 | D:8      | Killed a two-headed ogre
  7440 | D:8      | Reached skill level 5 in Long Blades
  7440 | D:8      | Reached skill level 5 in Axes
  7440 | D:8      | Reached skill level 5 in Maces & Flails
  7440 | D:8      | Reached skill level 5 in Polearms
  7440 | D:8      | Reached skill level 5 in Staves
  7440 | D:8      | Reached skill level 5 in Slings
  7440 | D:8      | Reached skill level 5 in Bows
  7440 | D:8      | Reached skill level 5 in Crossbows
  7440 | D:8      | Reached skill level 5 in Throwing
  7440 | D:8      | Reached skill level 5 in Armour
  7440 | D:8      | Reached skill level 5 in Stealth
  7440 | D:8      | Reached skill level 5 in Shields
  7440 | D:8      | Reached skill level 5 in Unarmed Combat
  7440 | D:8      | Reached skill level 5 in Spellcasting
  7559 | D:8      | Lost mutation: Your magical capacity is low. (-10% MP)
                  | [potion of mutation]
  7559 | D:8      | Lost mutation: Your system is resistant to poisons. (rPois)
                  | [potion of mutation]
  7559 | D:8      | Gained mutation: Scrolls take you a little longer to read.
                  | [potion of mutation]
  7559 | D:8      | Gained mutation: You are partially covered in icy blue
                  | scales. (AC +2) [potion of mutation]
  7559 | D:8      | Gained mutation: You can translocate small distances at
                  | will. [potion of mutation]
  7664 | D:9      | Reached skill level 10 in Fighting
  7835 | D:9      | Found a glowing golden altar of the Shining One.
  8204 | D:9      | Found a bloodstained altar of Trog.
  8206 | D:9      | Found a blossoming altar of Fedhas.
  8209 | D:9      | Found a shadowy altar of Dithmenos.
  8212 | D:9      | Found a hide-covered altar of Uskayaw.
  8293 | D:9      | Received a gift from Okawaru
  8347 | D:10     | Entered Level 10 of the Dungeon
  8529 | D:10     | Received a gift from Okawaru
  8618 | D:10     | Noticed a two-headed ogre
  8630 | D:10     | Killed a two-headed ogre
  8630 | D:10     | Reached XP level 11. HP: 61/91 MP: 19/19
  9639 | D:11     | Reached skill level 5 in Conjurations
  9639 | D:11     | Reached skill level 5 in Hexes
  9639 | D:11     | Reached skill level 5 in Charms
  9639 | D:11     | Reached skill level 5 in Summonings
  9639 | D:11     | Reached skill level 5 in Necromancy
  9639 | D:11     | Reached skill level 5 in Translocations
  9639 | D:11     | Reached skill level 5 in Transmutations
  9639 | D:11     | Reached skill level 5 in Fire Magic
  9639 | D:11     | Reached skill level 5 in Ice Magic
  9639 | D:11     | Reached skill level 5 in Air Magic
  9639 | D:11     | Reached skill level 5 in Earth Magic
  9639 | D:11     | Reached skill level 5 in Poison Magic
  9695 | D:11     | Received a gift from Okawaru
  9713 | D:11     | Got a crystal great sword {god gift}
  9719 | D:11     | Identified the +4 great sword of Immorality {flame, rN+
                  | Str+3} (Okawaru gifted it to you on level 11 of the
                  | Dungeon)
  9961 | D:11     | HP: 4/92 [poisoned by a killer bee]
  9967 | D:11     | HP: 2/92 [poisoned by a killer bee]
  9973 | D:11     | HP: 2/92 [poisoned by a killer bee]
  9981 | D:11     | HP: 2/92 [poisoned by a killer bee]
 10443 | D:11     | HP: 3/138 [komodo dragon (4)]
 10444 | D:11     | Shot with an arrow by a centaur

Skill      XL: |  1  2  3  4  5  6  7  8  9 10 11 |
---------------+----------------------------------+-----
Invocations    | 1 2 3 4 5 6 |  6.9
Long Blades    | 1 2 3 4 5 6 |  6.3
Axes           | 1 2 3 4 5 6 |  6.3
Maces & Flails | 1 2 3 4 5 6 |  6.3
Polearms       | 1 2 3 4 5 6 |  6.3
Staves         | 1 2 3 4 5 6 |  6.3
Slings         | 1 2 3 4 5 6 |  6.3
Bows           | 1 2 3 4 5 6 |  6.3
Crossbows      | 1 2 3 4 5 6 |  6.3
Throwing       | 1 2 3 4 5 6 |  6.3
Armour         | 1 2 3 4 5 6 |  6.3
Stealth        | 1 2 3 4 5 6 |  6.3
Shields        | 1 2 3 4 5 6 |  6.3
Unarmed Combat | 1 2 3 4 5 6 |  6.3
Spellcasting   | 1 2 3 4 5 6 |  6.3
Conjurations   | 1 2 3 4 5 |  5.2
Hexes          | 1 2 3 4 5 |  5.2
Charms         | 1 2 3 4 5 |  5.2
Summonings     | 1 2 3 4 5 |  5.2
Necromancy     | 1 2 3 4 5 |  5.2
Translocations | 1 2 3 4 5 |  5.2
Transmutations | 1 2 3 4 5 |  5.2
Fire Magic     | 1 2 3 4 5 |  5.2
Ice Magic      | 1 2 3 4 5 |  5.2
Air Magic      | 1 2 3 4 5 |  5.2
Earth Magic    | 1 2 3 4 5 |  5.2
Poison Magic   | 1 2 3 4 5 |  5.2
Short Blades   | 5 6 7 |  7.9
Dodging        | 5 6 7 |  7.9
Evocations     | 5 6 7 |  7.9
Fighting       | 9 10 | 10.5

Action                   |  1- 3 |  4- 6 |  7- 9 | 10-12 || total
-------------------------+-------+-------+-------+-------++-------
Melee: Short sword       |    92 |    51 |       |       ||   143
       Bite              |     8 |    24 |    40 |    59 ||   131
       Dagger            |       |   198 |   339 |   317 ||   854
       Punch             |       |     1 |       |       ||     1
       Great sword       |       |       |       |    56 ||    56
Invok: Heroism           |       |       |       |     3 ||     3
       Finesse           |       |       |       |     1 ||     1
  Use: Scroll            |     2 |     7 |    10 |     8 ||    27
       Potion            |     3 |     2 |       |     6 ||    11
 Stab: Sleeping          |     1 |     5 |     3 |    10 ||    19
       Distracted        |       |     1 |     1 |       ||     2
  Eat: Ration            |       |     2 |     5 |     5 ||    12
Armor: Leather armour    |     6 |    44 |     3 |       ||    53
       Robe              |     1 |       |       |       ||     1
       Skin              |    79 |    16 |       |       ||    95
       Ring mail         |       |       |    45 |   109 ||   154
Dodge: Dodged            |    49 |   138 |   129 |   258 ||   574
Block: Buckler           |       |    26 |    78 |    86 ||   190
       Rpst.: Great sword |       |       |       |    39 ||    39
